[Event "Titled Tuesday Blitz February 14 Late 2023"]
[White "Goltsev, Dmitry"]
[Black "Melkumyan, Hrant"]
[WhiteFideId "24176710"]
[BlackFideId "13302485"]
[WhiteElo "2269"]
[BlackElo "2645"]
[Result "0-1"]
[Round "05"]
[TimeControl "180+2"]
[Date "2023.02.14"]
[WhiteClock "0:00:01"]
[BlackClock "0:00:07"]

1. e4 c5 2. Nf3 Nc6 3. d4 cxd4 4. Nxd4 e5 5. Nf5 d5 6. Qxd5 Qxd5 7. exd5 Bxf5 8. dxc6 bxc6 9. Bd3 Bxd3 10. cxd3 Ne7 11. Nc3 Nf5 12. Be3 Kd7 13. Ke2 Be7 14. Rac1 Rhb8 15. b3 Nxe3 16. fxe3 f5 17. Na4 Rb5 18. Rc4 Rc8 19. Rhc1 g6 20. Nc5+ Bxc5 21. Rxc5 a6 22. Rxb5 axb5 23. a4 bxa4 24. bxa4 Rb8 25. Rc2 Kc7 26. a5 Rb5 27. Ra2 Kb7 28. d4 e4 29. h4 Rb1 30. Kf2 Rh1 31. Kg3 Re1 32. Kf2 Rc1 33. Kg3 h6 34. Kf4 Rh1 35. Kg3 g5 36. hxg5 hxg5 37. Rb2+ Kc7 38. a6 Ra1 39. Rb7+ Kd6 40. a7 Ra3 41. Kf2 f4 42. exf4 gxf4 43. Rf7 Ra2+ 44. Kf1 Kd5 45. Rxf4 Rxa7 46. Rf6 Rc7 47. g4 Kxd4 48. g5 Ke3 49. g6 c5 50. Rf7 Rc6 51. g7 Rg6 52. Rc7 c4 53. Rxc4 Rxg7 54. Ra4 Kf3 55. Ra8 Rb7 56. Rf8+ Ke3 57. Ra8 Rb1+ 58. Kg2 Rb3 59. Kf1 Rc3 60. Ra1 Kf3 61. Ke1 e3 62. Kd1 Rb3 63. Ke1 Rb2 64. Kf1 Rf2+ 65. Kg1 Rg2+ 66. Kh1 Rg5 67. Rf1+ Ke2 68. Rf8 Ke1 69. Ra8 e2 70. Rd8 Kf2 71. Rf8+ Ke3 72. Re8+ Kf2 73. Rf8+ Ke1 74. Rd8 Rg4 75. Kh2 Kf2 76. Rf8+ Ke3 77. Re8+ Re4 78. Rf8 e1=Q 79. Rf1 Rh4+ 0-1


[Site "https://www.chess.com"]

[Event "Titled Tuesday Blitz February 14 Late 2023"]
[White "Darini, Pouria"]
[Black "Nakamura, Hikaru"]
[WhiteFideId "12502200"]
[BlackFideId "2016192"]
[WhiteElo "2401"]
[BlackElo "2775"]
[Result "0-1"]
[Round "05"]
[TimeControl "180+2"]
[Date "2023.02.14"]
[WhiteClock "0:00:02"]
[BlackClock "0:00:48"]

1. e4 g6 2. d4 Bg7 3. Nc3 a6 4. Be3 b5 5. Qd2 Bb7 6. f3 d6 7. h4 h5 8. Nh3 e6 9. Ng5 Nd7 10. O-O-O Nb6 11. Kb1 Nf6 12. Qe1 Nfd7 13. Ne2 Qe7 14. Nf4 e5 15. dxe5 Bxe5 16. Bc1 Bf6 17. Nd3 Na4 18. c3 Ndb6 19. Nf4 O-O-O 20. g3 Rhe8 21. Rh2 d5 22. Re2 dxe4 23. Rxd8+ Qxd8 24. Nxe4 Be5 25. Rd2 Qe7 26. Re2 Rd8 27. Nf2 f6 28. Nxg6 Qh7 29. Bh3+ Kb8 30. Bf5 Bxf3 31. Re3 Bb7 32. Ka1 Nc4 33. Rd3 Nd6 34. Nxe5 Qxf5 35. g4 Qxe5 36. Re3 Qd5 37. gxh5 Qxh5 38. Nd3 Nf5 39. Nf4 Qd1 40. Qxd1 Rxd1 41. Kb1 Nxe3 0-1


[Site "https://www.chess.com"]

[Event "Titled Tuesday Blitz February 14 Late 2023"]
[White "Sarana, Alexey"]
[Black "Golubka, Petro"]
[WhiteFideId "24133795"]
[BlackFideId "14114224"]
[WhiteElo "2685"]
[BlackElo "2371"]
[Result "1-0"]
[Round "05"]
[TimeControl "180+2"]
[Date "2023.02.14"]
[WhiteClock "0:00:08"]
[BlackClock "0:00:09"]

1. c4 e6 2. Nc3 d5 3. d4 Be7 4. Nf3 Nf6 5. Bf4 c5 6. dxc5 Bxc5 7. cxd5 Nxd5 8. Nxd5 exd5 9. Rc1 Bb4+ 10. Bd2 Bxd2+ 11. Qxd2 Nc6 12. e3 O-O 13. Bb5 Ne7 14. O-O Be6 15. Qb4 a6 16. Bd3 Rb8 17. Rfd1 a5 18. Qh4 Ng6 19. Qxd8 Rfxd8 20. Rc7 Rdc8 21. Rdc1 Rxc7 22. Rxc7 Rc8 23. Rxc8+ Bxc8 24. Bxg6 hxg6 25. Kf1 Kf8 26. Ke1 Ke7 27. Kd2 f6 28. Kc3 g5 29. Kd4 Kd6 30. Nd2 Bf5 31. Kc3 b6 32. b4 axb4+ 33. Kxb4 Kc6 34. Nb3 Bd7 35. Nd4+ Kd6 36. f4 gxf4 37. exf4 g5 38. g3 g4 39. Kc3 f5 40. Nb3 Ba4 41. Nd4 Bd7 42. Kb4 Kc7 43. Nc2 Kd6 44. a3 Be8 45. Nd4 Bd7 46. Kc3 Kc5 47. Nb3+ Kb5 48. Nd4+ Kc5 49. Kd3 Kd6 50. Nb3 Ba4 51. Nd4 Bd7 52. Kd2 Kc5 53. Kc3 Bc8 54. Nb3+ Kb5 55. Nc1 Ka4 56. Kb2 d4 57. Ne2 d3 58. Nc3+ Ka5 59. Kc1 Ba6 60. Kd2 Bc4 61. Kc1 b5 62. Kd2 b4 63. axb4+ Kxb4 64. Nd1 Kc5 65. Ne3 Be6 66. Kxd3 Bc8 67. Kc3 Be6 68. Kd3 Bc8 69. Nd1 Ba6+ 70. Ke3 Bc4 71. Nf2 Kd5 72. Nd1 Kc5 73. Nf2 Kd5 74. h4 gxh3 75. Nxh3 Kc5 76. Ng5 Bd5 77. Nh7 Bg8 78. Nf6 Bf7 79. Nh7 Bg8 80. Ng5 Bd5 81. Nf3 Bxf3 82. Kxf3 Kd5 83. g4 fxg4+ 84. Kxg4 Ke6 85. Kg5 Kf7 86. Kf5 Kg7 87. Ke6 Kg6 88. f5+ Kg5 89. f6 Kf4 90. f7 Ke3 91. f8=Q 1-0


[Site "https://www.chess.com"]

[Event "Titled Tuesday Blitz February 14 Late 2023"]
[White "Costachi, Mihnea"]
[Black "Fedoseev, Vladimir"]
[WhiteFideId "1217518"]
[BlackFideId "24130737"]
[WhiteElo "2476"]
[BlackElo "2680"]
[Result "0-1"]
[Round "05"]
[TimeControl "180+2"]
[Date "2023.02.14"]
[WhiteClock "0:00:02"]
[BlackClock "0:01:18"]

1. Nc3 c5 2. Nf3 d5 3. d4 cxd4 4. Nxd4 e5 5. Nb3 d4 6. Ne4 f5 7. Ng3 f4 8. Ne4 Bf5 9. Nbd2 Nc6 10. g3 Nf6 11. Bg2 Bb4 12. c3 dxc3 13. Nxc3 Nd4 14. O-O Bc2 15. Qe1 O-O 16. a3 Ba5 17. b4 Bc7 18. e3 fxe3 19. fxe3 Bd3 20. exd4 Qxd4+ 21. Rf2 Qxc3 22. Ra2 Bb6 23. Bb2 Qc2 24. Ne4 Nxe4 25. Bxe4 Bxf2+ 0-1


[Site "https://www.chess.com"]

[Event "Titled Tuesday Blitz February 14 Late 2023"]
[White "EREBUNI91"]
[Black "Lenderman, Aleksandr"]
[BlackFideId "2021285"]
[WhiteElo "2724"]
[BlackElo "2572"]
[Result "0-1"]
[Round "05"]
[TimeControl "180+2"]
[Date "2023.02.14"]
[WhiteClock "0:00:07"]
[BlackClock "0:00:05"]

1. e4 c6 2. d4 g6 3. Nc3 Bg7 4. Be3 d5 5. Qd2 dxe4 6. Nxe4 Nf6 7. Nxf6+ exf6 8. Bd3 O-O 9. Ne2 Na6 10. h4 Nc7 11. h5 Nd5 12. Bh6 g5 13. Bxg7 Kxg7 14. h6+ Kh8 15. O-O-O Re8 16. Ng3 Nf4 17. f3 Qxd4 18. Bf5 Qxd2+ 19. Rxd2 Nd5 20. c4 Nb6 21. b3 Be6 22. Rhd1 a5 23. Kb2 Bxc4 24. Ne4 Bd5 25. Nxf6 Re5 26. Bxh7 Re6 27. Nxd5 cxd5 28. Bd3 Rxh6 29. Re2 Rh2 30. Rde1 Kg7 31. Bf5 d4 32. Bh3 Nd5 33. Rd2 Nf4 34. Bg4 Rxg2 35. Rxg2 Nxg2 36. Re7 Nf4 37. Rxb7 d3 38. Rd7 Re8 39. a3 Re2+ 40. Kc3 Rc2+ 41. Kd4 d2 42. Ke3 Rb2 43. b4 axb4 44. axb4 Ng2+ 45. Ke2 Nf4+ 46. Ke3 Rxb4 47. Rxd2 Kg6 48. Rd6+ f6 49. Ra6 Rb5 50. Kf2 Re5 51. Rb6 Re2+ 52. Kf1 Rd2 53. Ra6 Rb2 54. Rc6 Nd5 55. Kg1 Ne3 56. Rc3 Nxg4 57. fxg4 Rb4 58. Rg3 Rf4 59. Kg2 Kf7 60. Kh3 Ke6 61. Ra3 Ke5 62. Ra6 Ke4 63. Ra4+ Kf3 64. Ra3+ Kf2 65. Ra2+ Kg1 66. Ra1+ Rf1 67. Ra3 Kh1 68. Re3 Kg1 69. Rg3+ Kf2 70. Re3 Kxe3 0-1


[Site "https://www.chess.com"]

[Event "Titled Tuesday Blitz February 14 Late 2023"]
[White "Sanal, Vahap"]
[Black "Cardoso Cardoso, Jose Gabriel"]
[WhiteFideId "6300545"]
[BlackFideId "4430492"]
[WhiteElo "2600"]
[BlackElo "2492"]
[Result "1/2-1/2"]
[Round "05"]
[TimeControl "180+2"]
[Date "2023.02.14"]
[WhiteClock "0:00:16"]
[BlackClock "0:00:16"]

1. g3 e5 2. c4 f5 3. Bg2 Nf6 4. Nc3 g6 5. e3 Bg7 6. Nge2 d6 7. O-O c6 8. d4 O-O 9. b3 a5 10. Ba3 Re8 11. dxe5 dxe5 12. Na4 Bf8 13. Bxf8 Kxf8 14. c5 Na6 15. Qc1 Be6 16. Qb2 Bf7 17. Rfd1 Qe7 18. h3 Nxc5 19. Nxc5 Qxc5 20. Nc3 Rad8 21. Na4 Qe7 22. Qc3 Rxd1+ 23. Rxd1 Qb4 24. Qb2 Nd5 25. a3 Qe7 26. e4 fxe4 27. Bxe4 Nf6 28. Bg2 e4 29. Nb6 e3 30. fxe3 Qxe3+ 31. Kh2 Qe5 32. Qf2 Kg7 33. Rf1 Re7 34. b4 axb4 35. axb4 Bd5 36. Nxd5 cxd5 37. b5 d4 38. b6 Rf7 39. Kh1 Qd6 40. Rd1 Nh5 41. Qxd4+ Qxd4 42. Rxd4 Nxg3+ 43. Kh2 Nf5 44. Rd8 Ne3 45. Be4 Nc4 46. Bd5 Rf2+ 47. Kg3 Rd2 48. Rd7+ Kh6 49. Rc7 Rxd5 50. Rxc4 Rb5 51. h4 Rxb6 52. Rc7 Rb4 53. Rd7 b5 54. Rb7 Rb1 55. Kg4 b4 56. Kg3 b3 57. Kg2 b2 58. Kh2 Kh5 59. Rxh7+ Kg4 60. Rb7 Kxh4 61. Kg2 Kg4 62. Rb4+ Kf5 63. Rb8 Ke4 64. Rb7 Kd4 65. Rb8 Kc5 66. Rc8+ Kd6 67. Rb8 Kc7 68. Rb3 Kc6 69. Rb4 g5 70. Rb3 Kc5 71. Rb8 Kc4 72. Rc8+ Kd3 73. Rd8+ Ke3 74. Re8+ Kf4 75. Rb8 Kf5 76. Rb5+ Kg4 77. Rb4+ Kh5 78. Rb5 Kh4 79. Rb8 Ra1 80. Rxb2 Ra4 81. Rb8 Ra2+ 82. Kg1 Ra3 83. Kg2 Kg4 84. Rb4+ Kh5 85. Rc4 Ra2+ 86. Kg3 Ra3+ 87. Kh2 g4 88. Rd4 Kh4 89. Rb4 Ra2+ 90. Kg1 Kh3 91. Rb1 g3 92. Rc1 Re2 93. Rb1 Rh2 94. Ra1 Rg2+ 95. Kh1 Rb2 96. Kg1 Rb7 97. Rc1 Rd7 98. Ra1 Re7 99. Rb1 Ra7 100. Rc1 Rb7 101. Ra1 Rd7 102. Rc1 Rd2 103. Rb1 Rg2+ 104. Kh1 Rc2 105. Kg1 Rf2 106. Ra1 Rf5 107. Rb1 Re5 108. Ra1 Rc5 109. Rb1 Rc2 110. Ra1 Rb2 111. Rc1 Ra2 112. Rd1 Rb2 113. Rc1 Rg2+ 114. Kh1 Rh2+ 115. Kg1 Rf2 116. Rb1 Kg4 117. Rb4+ Rf4 118. Rb1 Rd4 119. Ra1 Re4 120. Rb1 Ra4 121. Rb8 Ra1+ 122. Kg2 Ra2+ 123. Kg1 Kf3 124. Rf8+ Kg4 125. Rg8+ Kf3 126. Rf8+ Kg4 127. Rg8+ Kf3 128. Rf8+ 1/2-1/2


[Site "https://www.chess.com"]

[Event "Titled Tuesday Blitz February 14 Late 2023"]
[White "Jaracz, Pawel"]
[Black "Kollars, Dmitrij"]
[WhiteFideId "1102222"]
[BlackFideId "12909572"]
[WhiteElo "2467"]
[BlackElo "2607"]
[Result "1-0"]
[Round "05"]
[TimeControl "180+2"]
[Date "2023.02.14"]
[WhiteClock "0:00:06"]
[BlackClock "0:00:04"]

1. e4 e5 2. Nf3 Nc6 3. Bc4 Nf6 4. d3 Be7 5. O-O O-O 6. Re1 d6 7. a4 a5 8. Nc3 Be6 9. h3 Qd7 10. Be3 Rfe8 11. Ng5 Bxc4 12. dxc4 h6 13. Nf3 Nb4 14. Qe2 Nh7 15. Rad1 Qe6 16. Nb5 Rac8 17. c3 Na6 18. Qd3 Ng5 19. Bxg5 Bxg5 20. Qd5 Qxd5 21. cxd5 Nc5 22. Ra1 g6 23. Nxg5 hxg5 24. b4 axb4 25. cxb4 Na6 26. Rab1 f5 27. f3 Rf8 28. Rec1 Kf7 29. Rc4 Ke7 30. Rbc1 Kd7 31. Rd1 Rf7 32. Rdc1 Rf6 33. Na7 Rcf8 34. Nb5 fxe4 35. fxe4 Rc8 36. a5 Rf7 37. Kh2 Rf2 38. Na7 Rcf8 39. Nb5 Rc8 40. Na7 Rcf8 41. Nb5 Rb2 42. Nxc7 Rxb4 43. Rxb4 Nxb4 44. Ne6 Rf2 45. Rc7+ Ke8 46. Rxb7 Nd3 47. a6 Ra2 48. a7 Nf2 49. Rb8+ Ke7 50. a8=Q Rxa8 51. Rxa8 Nxe4 52. g3 Kf6 53. Rf8+ Ke7 54. Rf1 Nc3 55. Nxg5 Nxd5 56. Rf7+ Ke8 57. Ra7 Ne3 58. Ne4 d5 59. Nf6+ Kf8 60. g4 e4 61. Kg3 g5 62. Rd7 Nf1+ 63. Kf2 Nd2 64. Nxd5 Nc4 65. Nf6 e3+ 66. Ke2 Ne5 67. Rd5 Nc4 68. Nh7+ Kf7 69. Nxg5+ Kg6 70. Nf3 Na3 71. h4 Nc2 72. Rd6+ Kf7 73. h5 Nb4 74. g5 Kg8 75. h6 Na2 76. g6 Nc3+ 77. Kxe3 Nd5+ 78. Rxd5 Kh8 79. Rd8# 1-0


[Site "https://www.chess.com"]

[Event "Titled Tuesday Blitz February 14 Late 2023"]
[White "Solon, Nathan"]
[Black "Chigaev, Maksim"]
[WhiteFideId "2017229"]
[BlackFideId "4108116"]
[WhiteElo "2306"]
[BlackElo "2628"]
[Result "0-1"]
[Round "05"]
[TimeControl "180+2"]
[Date "2023.02.14"]
[WhiteClock "0:00:25"]
[BlackClock "0:00:16"]

1. Nf3 Nf6 2. g3 g6 3. b3 d5 4. c4 d4 5. e3 c5 6. exd4 cxd4 7. Bg2 Bg7 8. O-O O-O 9. d3 Nc6 10. Re1 Nd7 11. Ba3 a5 12. Nbd2 Nb4 13. Ne4 h6 14. Bxb4 axb4 15. Qe2 Ra6 16. h4 f5 17. Ned2 Re8 18. a4 e5 19. Nh2 Nc5 20. h5 g5 21. g4 e4 22. gxf5 e3 23. Ne4 Nxe4 24. Bxe4 Rf6 25. Ng4 Rxf5 26. fxe3 dxe3 27. Rf1 Rf4 28. Rxf4 gxf4 29. Rf1 Rxe4 30. dxe4 Qg5 31. Qf3 Bxg4 32. Qxf4 Qxf4 33. Rxf4 e2 34. Kf2 Bd4+ 35. Ke1 Bc3+ 36. Kf2 e1=Q+ 0-1


[Site "https://www.chess.com"]

[Event "Titled Tuesday Blitz February 14 Late 2023"]
[White "Alex_Sahakyan2006"]
[Black "Zhigalko, Sergei"]
[BlackFideId "13502956"]
[WhiteElo "2696"]
[BlackElo "2572"]
[Result "0-1"]
[Round "05"]
[TimeControl "180+2"]
[Date "2023.02.14"]
[WhiteClock "0:00:06"]
[BlackClock "0:00:43"]

1. d4 Nf6 2. c4 e6 3. Nf3 b6 4. g3 Ba6 5. Qc2 Bb4+ 6. Bd2 Be7 7. e4 d5 8. cxd5 Bxf1 9. Kxf1 exd5 10. e5 Ne4 11. Kg2 Qd7 12. Nc3 Nxd2 13. Qxd2 Nc6 14. h4 Nd8 15. Ne2 Ne6 16. Nf4 O-O-O 17. Nxe6 fxe6 18. Qd3 Kb7 19. Rhc1 h6 20. Qg6 Rdf8 21. Rc2 Bd8 22. Rac1 Rf5 23. Ne1 h5 24. g4 hxg4 25. Rc6 Rh6 26. Qxg4 Rxh4 27. Qd1 Rg5+ 28. Kf1 Rh1+ 29. Ke2 Rgg1 30. Qa4 Rxe1+ 31. Kd3 Qf7 32. R6c3 Qf5+ 33. Kd2 Qxf2+ 0-1


[Site "https://www.chess.com"]

[Event "Titled Tuesday Blitz February 14 Late 2023"]
[White "Boyer, Mahel"]
[Black "Makarian, Rudik"]
[WhiteFideId "45102422"]
[BlackFideId "44105681"]
[WhiteElo "2489"]
[BlackElo "2545"]
[Result "0-1"]
[Round "05"]
[TimeControl "180+2"]
[Date "2023.02.14"]
[WhiteClock "0:00:01"]
[BlackClock "0:02:15"]

1. g3 d5 2. Nf3 Nf6 3. Bg2 e6 4. O-O Be7 5. d3 O-O 6. Nbd2 c5 7. e4 Nc6 8. a4 b6 9. Re1 Qc7 10. e5 Nd7 11. Qe2 Bb7 12. Nf1 Rfc8 13. h4 Qd8 14. N1h2 a6 15. Ng4 b5 16. h5 h6 17. Bf4 Bf8 18. Qd2 b4 19. b3 a5 20. Rad1 Ra6 21. Bf1 Rb6 0-1


[Site "https://www.chess.com"]

[Event "Titled Tuesday Blitz February 14 Late 2023"]
[White "Sanchez, Sebastian Felipe"]
[Black "Urazayev, Arystanbek"]
[WhiteFideId "4403304"]
[BlackFideId "13709810"]
[WhiteElo "2427"]
[BlackElo "2460"]
[Result "0-1"]
[Round "05"]
[TimeControl "180+2"]
[Date "2023.02.14"]
[WhiteClock "0:00:08"]
[BlackClock "0:00:57"]

1. d4 d5 2. c4 e6 3. Nf3 Nf6 4. g3 Be7 5. Bg2 O-O 6. O-O c6 7. Qc2 b6 8. Nbd2 c5 9. cxd5 exd5 10. dxc5 bxc5 11. Rd1 Nc6 12. a3 Be6 13. Nb3 Qb6 14. Be3 d4 15. Nbxd4 cxd4 16. Nxd4 Nxd4 17. Bxd4 Qb8 18. Rac1 Bb3 19. Qb1 Bxd1 20. Rxd1 Qb3 21. Rd3 Qb5 22. Bxa8 Rxa8 23. Qc2 h6 24. Qc7 Nd5 25. Qe5 Bf6 26. Qf5 Bxd4 27. Rxd4 Nc7 28. Qc2 Ne6 29. Rc4 a5 30. h4 a4 31. e3 h5 32. Kh2 g6 33. Qc3 Qf5 34. Kg2 Qd5+ 35. Kh2 Qf3 36. Qc2 Rd8 37. Rxa4 Rd1 0-1


[Site "https://www.chess.com"]

[Event "Titled Tuesday Blitz February 14 Late 2023"]
[White "Ibarra Jerez, Jose Carlos"]
[Black "Sokolovsky, Yahli"]
[WhiteFideId "2226332"]
[BlackFideId "2820242"]
[WhiteElo "2563"]
[BlackElo "2461"]
[Result "0-1"]
[Round "05"]
[TimeControl "180+2"]
[Date "2023.02.14"]
[WhiteClock "0:00:02"]
[BlackClock "0:00:06"]

1. Nf3 d5 2. g3 c6 3. Bg2 Nf6 4. O-O h6 5. d3 Bg4 6. h3 Bxf3 7. Bxf3 Nbd7 8. e4 e6 9. exd5 cxd5 10. c4 Be7 11. Nc3 d4 12. Ne2 Qb6 13. b4 O-O 14. Rb1 Ne5 15. Bg2 Rfd8 16. Bf4 Ng6 17. c5 Qa6 18. b5 Qxa2 19. Bc7 Rd7 20. Bxb7 Rf8 21. b6 axb6 22. cxb6 Bd6 23. Bc6 Rxc7 24. bxc7 Bxc7 25. Nxd4 Qa7 26. Nb5 Qb6 27. Nxc7 Qxc6 28. Rc1 Qd7 29. Rc5 Rd8 30. Nb5 Qxd3 31. Qxd3 Rxd3 32. Rc8+ Kh7 33. Rc7 Ne5 34. Rc2 Nd5 35. Kg2 h5 36. Re1 Nf3 37. Rec1 h4 38. Nc3 Nf6 39. g4 Ng5 40. Nd1 Nxh3 41. Ne3 Nf4+ 42. Kf3 N4d5 43. Rh1 g5 44. Ke2 Rd4 45. Nxd5 Nxd5 46. Kf3 Rf4+ 47. Ke2 Rxg4 48. Rb2 Rf4 49. f3 Kg6 50. Rg1 Rf5 51. Rb8 Nf4+ 52. Kf2 Nh3+ 53. Kg2 Nxg1 54. Rg8+ Kf6 55. Kxg1 Rxf3 56. Kg2 Rg3+ 57. Kh2 e5 58. Re8 Kf5 59. Re7 f6 60. Kh1 e4 61. Kh2 Kf4 62. Re6 f5 63. Ra6 e3 64. Ra4+ Kf3 65. Ra1 f4 66. Ra5 e2 67. Ra1 Kg4 68. Ra2 Re3 69. Ra1 e1=Q 0-1


[Site "https://www.chess.com"]

[Event "Titled Tuesday Blitz February 14 Late 2023"]
[White "Kobo, Ori"]
[Black "Domingo Nunez, Ruben"]
[WhiteFideId "2812320"]
[BlackFideId "22245570"]
[WhiteElo "2559"]
[BlackElo "2416"]
[Result "0-1"]
[Round "05"]
[TimeControl "180+2"]
[Date "2023.02.14"]
[WhiteClock "0:00:50"]
[BlackClock "0:01:17"]

1. b3 d6 2. Bb2 Nd7 3. e4 Ngf6 4. Nc3 c5 5. f4 g6 6. Nf3 Bg7 7. e5 Ng4 8. h3 Nh6 9. exd6 exd6 10. Qe2+ Kf8 11. g4 d5 12. O-O-O d4 13. Ne4 Qc7 14. f5 b6 15. f6 Nxf6 16. Nxf6 Bxf6 17. g5 Nf5 18. gxf6 Ng3 19. Qe7+ Qxe7 20. fxe7+ Kxe7 21. Re1+ Kd6 22. Rh2 Bb7 23. Ne5 Bd5 24. Nc4+ Kd7 25. Bg2 Rae8 26. Re5 Bxc4 27. Rxe8 Rxe8 28. d3 Re1+ 29. Kd2 Re2+ 30. Kd1 Bd5 0-1


[Site "https://www.chess.com"]

[Event "Titled Tuesday Blitz February 14 Late 2023"]
[White "Boros, Denes"]
[Black "Fiorito, Joaquin"]
[WhiteFideId "722340"]
[BlackFideId "180173"]
[WhiteElo "2406"]
[BlackElo "2405"]
[Result "1-0"]
[Round "05"]
[TimeControl "180+2"]
[Date "2023.02.14"]
[WhiteClock "0:00:43"]
[BlackClock "0:01:00"]

1. d4 Nf6 2. Nc3 d5 3. Bg5 e6 4. Nf3 a6 5. e4 Be7 6. Bxf6 Bxf6 7. Qd3 c6 8. h4 Nd7 9. Qe3 O-O 10. Bd3 e5 11. dxe5 Nxe5 12. exd5 Nxf3+ 13. Qxf3 Re8+ 14. Kf1 Bxc3 15. bxc3 cxd5 16. Qh5 h6 17. g4 Qf6 18. g5 Qe5 19. Kg2 Bf5 20. Rae1 Be4+ 21. f3 Qxc3 22. fxe4 dxe4 23. Bxe4 Rad8 24. Qf3 Rd2+ 25. Kh3 Qc8+ 26. Bf5 Qd8 27. g6 fxg6 28. Bxg6 Rf8 29. Qxf8+ Kxf8 30. Rhf1+ Kg8 31. Re8+ Qxe8 32. Bxe8 Rxc2 33. h5 Rc3+ 34. Kg4 Rc4+ 35. Kf5 Kf8 36. Bg6 Ke7 37. Ke5 Rc5+ 38. Kd4 Ra5 39. Rf7+ Ke6 40. Rxb7 Kf6 41. Rf7+ Ke6 42. Rf2 Ra4+ 43. Kc5 Ra3 44. Kb4 Rg3 45. a4 Kd6 46. Ka5 Ra3 47. Rf4 Ke5 48. Rb4 1-0


[Site "https://www.chess.com"]

[Event "Titled Tuesday Blitz February 14 Late 2023"]
[White "Atanasov, Anthony"]
[Black "Yuan, Qingyu"]
[WhiteFideId "2623897"]
[BlackFideId "8609772"]
[WhiteElo "2368"]
[BlackElo "2373"]
[Result "1/2-1/2"]
[Round "05"]
[TimeControl "180+2"]
[Date "2023.02.14"]
[WhiteClock "0:00:11"]
[BlackClock "0:00:28"]

1. d4 d5 2. Bf4 Nf6 3. e3 c5 4. Nf3 Nc6 5. Nbd2 cxd4 6. exd4 Bf5 7. c3 e6 8. Qb3 Qc8 9. Nh4 Bg4 10. h3 Bh5 11. g4 Bg6 12. Nxg6 hxg6 13. Bg2 Qd7 14. O-O Bd6 15. Bxd6 Qxd6 16. Qxb7 Rb8 17. Nc4 dxc4 18. Qxc6+ Qxc6 19. Bxc6+ Ke7 20. g5 Nh5 21. b3 Rhc8 22. Bg2 Nf4 23. Rfe1 cxb3 24. axb3 Rxb3 25. Rxa7+ Kf8 26. d5 Rbxc3 27. dxe6 Nxe6 28. h4 Rc1 29. Rxc1 Rxc1+ 30. Kh2 Rc4 31. Ra8+ Ke7 32. Rh8 Rc2 33. Kg3 Rc3+ 34. f3 Nd4 35. h5 Nf5+ 36. Kh3 gxh5 37. Rxh5 Nd4 38. Kg4 Rc4 39. Kg3 Ne2+ 40. Kf2 Nf4 41. Rh2 Rc5 42. Ke3 Ne6 43. f4 Rc3+ 44. Ke4 Rc4+ 45. Ke5 Rxf4 46. Bh3 f6+ 47. gxf6+ gxf6+ 48. Kd5 Rd4+ 49. Kc6 Rh4 50. Rh1 Nd4+ 51. Kd5 Nf3 52. Kc5 Kf8 53. Bg2 Rxh1 54. Bxh1 Ne5 55. Kd5 Kg7 56. Ke4 Kg6 57. Kf4 Nf7 58. Be4+ Kg7 59. Bd3 Kf8 60. Kf5 Ke7 61. Be2 Nd6+ 62. Kf4 Ke6 63. Bg4+ Kd5 64. Bf3+ Ke6 65. Bc6 Nf7 66. Ba4 Ne5 67. Bb3+ Ke7 68. Kf5 Nc6 69. Ba2 Nd4+ 70. Kf4 Nb5 71. Bc4 Nd6 72. Bd5 Kf8 73. Be6 Kg7 74. Bd5 Kg6 75. Bc6 Nf7 76. Be8 Kg7 77. Bxf7 Kxf7 78. Kf5 Ke7 79. Kf4 Ke6 80. Ke4 f5+ 81. Kf4 Kf6 82. Kf3 Kg5 83. Kg3 Kg6 84. Kf4 Kf6 85. Kf3 Kf7 86. Kf4 Ke6 87. Kf3 Kf6 88. Kf4 Kg6 89. Kf3 Kg5 90. Kg3 f4+ 91. Kf3 Kf5 92. Kf2 Ke4 93. Ke2 Kf5 94. Kf3 Kg5 95. Kf2 Kg4 96. Kg2 Kf5 97. Kf3 Ke5 98. Kf2 Ke4 99. Ke2 f3+ 100. Kf2 Kf4 101. Kf1 Kg3 102. Kg1 Kh4 103. Kf2 Kg4 104. Kf1 Kg3 105. Kg1 Kf4 106. Kf2 Kg4 107. Kf1 Kf5 108. Kg1 Kf4 109. Kf2 Ke4 110. Kf1 Ke3 111. Ke1 f2+ 112. Kf1 Kf3 1/2-1/2


[Site "https://www.chess.com"]

[Event "Titled Tuesday Blitz February 14 Late 2023"]
[White "Djokic, Mihailo"]
[Black "Makridis, Dimitrios"]
[WhiteFideId "976440"]
[BlackFideId "25864475"]
[WhiteElo "2192"]
[BlackElo "2356"]
[Result "0-1"]
[Round "05"]
[TimeControl "180+2"]
[Date "2023.02.14"]
[WhiteClock "0:01:56"]
[BlackClock "0:02:41"]

1. e4 c5 2. Nf3 Nf6 3. Nc3 d5 4. e5 Nfd7 5. Nxd5 Nxe5 6. Ne3 Nxf3+ 7. Qxf3 Nc6 8. Bc4 e6 9. d3 Bd7 10. b3 Qf6 11. Qxf6 gxf6 12. Bb2 Be7 13. Ng4 Nd4 14. O-O-O b5 15. Bxd4 cxd4 0-1


[Site "https://www.chess.com"]

[Event "Titled Tuesday Blitz February 14 Late 2023"]
[White "Pichot, Alan"]
[Black "Lucassen, Mickey"]
[WhiteFideId "110973"]
[BlackFideId "12919110"]
[WhiteElo "2638"]
[BlackElo "2023"]
[Result "1-0"]
[Round "05"]
[TimeControl "180+2"]
[Date "2023.02.14"]
[WhiteClock "0:00:21"]
[BlackClock "0:00:15"]

1. e4 c5 2. Nf3 d6 3. d4 cxd4 4. Qxd4 Nc6 5. Qe3 g6 6. h3 Bg7 7. Be2 Nf6 8. O-O O-O 9. Rd1 Nd7 10. Nc3 Nc5 11. Nd5 b6 12. c3 Bb7 13. Qf4 Rc8 14. Bf1 e6 15. Ne3 Qf6 16. Qxf6 Bxf6 17. Rxd6 Nxe4 18. Rd7 Nc5 19. Rd1 Rfd8 20. Bd2 Nd3 21. Ng4 Be7 22. Nh6+ Kg7 23. Rab1 Nde5 24. Nxe5 Nxe5 25. Bf4 Bf6 26. Ng4 Nxg4 27. hxg4 Be4 28. Rbc1 g5 29. Be3 h6 30. Be2 Kf8 31. f3 Bb7 32. Kf2 Ke7 33. a4 Bd5 34. Ba6 Rc7 35. Bb5 Bb3 36. Rxd8 Kxd8 37. Rh1 Bg7 38. f4 f6 39. g3 Bc4 40. Rd1+ Ke7 41. Bd4 Bxb5 42. axb5 Kf7 43. Re1 Bf8 44. Kf3 Bc5 45. Bxc5 Rxc5 46. Ra1 Rxb5 47. Rxa7+ Kg6 48. b4 Rd5 49. Ke3 b5 50. Re7 Rd6 51. Rb7 Rc6 52. Kd3 gxf4 53. gxf4 Rc4 54. f5+ exf5 55. gxf5+ Kg5 56. Rxb5 Rf4 57. c4 h5 58. Rb8 h4 59. Rg8+ Kxf5 60. b5 h3 61. Rh8 Kg4 62. b6 Rf1 63. b7 Rb1 64. b8=Q Rxb8 65. Rxb8 Kg3 66. Rg8+ Kf2 67. Rf8 h2 68. Rxf6+ Kg3 69. Rg6+ 1-0


[Site "https://www.chess.com"]

[Event "Titled Tuesday Blitz February 14 Late 2023"]
[White "Kleiman, Jake"]
[Black "Acor, Corey"]
[WhiteFideId "2020041"]
[BlackFideId "2024861"]
[WhiteElo "2399"]
[BlackElo "2216"]
[Result "0-1"]
[Round "05"]
[TimeControl "180+2"]
[Date "2023.02.14"]
[WhiteClock "0:00:11"]
[BlackClock "0:00:38"]

1. e4 e5 2. Nf3 Nc6 3. Bc4 Bc5 4. c3 Nf6 5. d3 d6 6. Bb3 Bb6 7. Nbd2 O-O 8. O-O Be6 9. Bc2 d5 10. h3 h6 11. Re1 Re8 12. Qe2 Qd7 13. Nf1 Rad8 14. N3h2 Ne7 15. Qf3 Kh7 16. Ng3 dxe4 17. dxe4 a5 18. Nf5 Nxf5 19. exf5 Bd5 20. Qg3 e4 21. Qf4 c6 22. Ng4 Nh5 23. Qd2 Qxf5 24. Ne3 Qg6 25. Qe2 f5 26. Nxd5 cxd5 27. Qb5 f4 28. c4 f3 29. g4 Qd6 30. Qxd5 Qg3+ 0-1


[Site "https://www.chess.com"]

[Event "Titled Tuesday Blitz February 14 Late 2023"]
[White "Ezat, Mohamed"]
[Black "Pakleza, Zbigniew"]
[WhiteFideId "10600906"]
[BlackFideId "1119290"]
[WhiteElo "2402"]
[BlackElo "2494"]
[Result "0-1"]
[Round "05"]
[TimeControl "180+2"]
[Date "2023.02.14"]
[WhiteClock "0:00:27"]
[BlackClock "0:00:11"]

1. d4 d6 2. c4 e5 3. Nf3 exd4 4. Nxd4 g6 5. Nc3 Bg7 6. g3 Ne7 7. Bg2 O-O 8. O-O Nd7 9. Bg5 h6 10. Be3 Ne5 11. Qb3 Ng4 12. Nd5 Nxd5 13. cxd5 Nxe3 14. Qxe3 Re8 15. Qd3 Bxd4 16. Qxd4 Rxe2 17. Rfe1 Rxe1+ 18. Rxe1 Bf5 19. Qe3 Kg7 20. Rc1 Qf6 21. a4 Qxb2 22. Rxc7 Qa1+ 23. Bf1 Rc8 24. Rxc8 Bxc8 25. Kg2 Bh3+ 26. Kxh3 Qxf1+ 27. Kh4 Qc4+ 28. g4 Qxd5 29. Qxa7 Qd3 30. f3 Qxf3 31. Qd4+ Qf6+ 32. Qxf6+ Kxf6 33. g5+ hxg5+ 34. Kg4 d5 35. Kf3 Ke5 36. Ke3 f5 37. Kd3 g4 38. Ke2 f4 39. Kd3 g3 40. hxg3 fxg3 41. Ke2 d4 42. Kf3 d3 43. Ke3 g2 44. Kd2 g1=Q 45. Kxd3 Qd4+ 46. Ke2 Qxa4 47. Kf3 Qf4+ 48. Kg2 Qe3 49. Kh2 Qg5 50. Kh1 Kf4 51. Kh2 Kf3 52. Kh3 Qh5# 0-1


[Site "https://www.chess.com"]